Match 44613895
Unlisted

Match 44613895
End
Construct Barracks
Selects Armored Battlegroup
Selects Veteran Crews
1⁄4-ton 4x4 Truck
Riflemen Squad
Riflemen Squad
Riflemen Squad
Infantry Support Center
Riflemen Squad
Grenade Package
M1918 Browning Automatic Rifles
Construct Motor Pool
Selects M31 Recovery Vehicle
Engineer Squad
Construct Medical Station
Selects War Machine
M8 Greyhound Armored Car
Riflemen Squad
Selects Strength in Steel
Engineer Squad
Riflemen Squad
^3
jooooooohn
0
0

Comments sign in to comment!

No comments posted yet!